 Dungeon Crawl Stone Soup version 0.32-a0-765-gfba4d74c8c (webtiles) character file.

Game seed: 317059053012188297

103 Nvm9 the Trooper (level 4, 0/37 HPs)
             Began as a Demonspawn Fighter on Mar 18, 2024.
             Incinerated by a bombardier beetle (5 damage)
             ... with a burning spray
             ... on level 3 of the Dungeon.
             The game lasted 00:01:42 (1601 turns).

Nvm9 the Trooper (Demonspawn Fighter)               Turns: 1601, Time: 00:01:43

Health: 0/37       AC:  9    Str: 19    XL:     4   Next: 51%
Magic:  4/4        EV:  8    Int:  8    God:
Gold:   99         SH:  4    Dex: 12    Spells: 3/3 levels left

rFire   . . .        a - +0 war axe
rCold   . . .        c - +0 buckler
rNeg    . . .        b - +0 scale mail
rPois   .            (no helmet)
rElec   .            t - +0 cloak
rCorr   .            (no gloves)
SInv    .            (no boots)
Will    .....        (no amulet) Stlth
                     (no ring)
HPRegen 0.26/turn    (no ring)
MPRegen 0.09/turn

%: no passive effects
@: on fire, glowing
A: sharp scales 1, weakness stinger 1
a: no special abilities


You were on level 3 of the Dungeon.
You visited 1 branch of the dungeon, and saw 3 of its levels.

You collected 99 gold pieces.

Inventory:

Hand Weapons
 a - a +0 war axe (weapon)
Armour
 b - a +0 scale mail (worn)
 c - a +0 buckler (worn)
 t - a +0 cloak (worn)
Jewellery
 h - an amulet of regeneration
 i - a ring of positive energy
Scrolls
 f - a scroll of summoning {unknown}
 j - 2 scrolls of acquirement {unknown}
 l - a scroll of fear {unknown}
 o - a scroll of revelation {unknown}
 r - a scroll of identify {unknown}
 s - a scroll of vulnerability {unknown}
 u - a scroll of enchant weapon {unknown}
Potions
 d - 2 potions of might
 e - a potion of berserk rage {unknown}
 g - a potion of haste {unknown}
 k - 2 potions of lignification {unknown}
 m - a potion of enlightenment {unknown}
 n - a potion of heal wounds {unknown}
 p - a potion of cancellation {unknown}
 q - a potion of curing {unknown}


   Skills:
 * Level 3.7 Fighting
 * Level 2.6 Axes
 * Level 3.3 Armour
 * Level 3.3 Shields


You had 3 spell levels left.
You didn't know any spells.
Your spell library contained the following spells:

 Spells                   Type           Power      Damage    Failure   Level
 Kiss of Death            Conj/Necr      0%         2d5       85%         1
 Blink                    Tloc           0%         N/A       94%         2
 Lesser Beckoning         Tloc           0%         N/A       94%         2
 Momentum Strike          Conj/Tloc      0%         3d8       94%         2
 Confusing Touch          Hex            0%         N/A       99%         3
 Gell's Gravitas          Tloc           0%         N/A       99%         3
 Teleport Other           Tloc           0%         N/A       99%         3
 Dispel Undead            Necr           0%         3d6       100%        4
 Dispersal                Tloc           0%         N/A       100%        6


Dungeon Overview and Level Annotations

Branches:
Dungeon (3/15)

Altars:


Innate Abilities, Weirdness & Mutations

You are partially covered in razor-sharp scales. (AC +1, Slay +1)
You have a small tail.


Message History

The bombardier beetle is lightly wounded.
The liquid fire burns you!
The bombardier beetle bites you but does no damage.
You hit the bombardier beetle but do no damage.
You tail-slap the bombardier beetle, but do no damage.
The bombardier beetle is lightly wounded.
You hear the slow rusting of a distant drain.
The liquid fire burns you!
The bombardier beetle barely misses you.
You hit the bombardier beetle.
The bombardier beetle is moderately wounded.
The liquid fire burns you!
The bombardier beetle bites you but does no damage.
You closely miss the bombardier beetle. You tail-slap the bombardier beetle.
The bombardier beetle is heavily wounded.
The liquid fire burns you!
You block the bombardier beetle's attack.
You are too injured to fight recklessly!
You are too injured to fight recklessly!
You are too injured to fight recklessly!
You are too injured to fight recklessly!
You are too injured to fight recklessly!
You are too injured to fight recklessly!
You are too injured to fight recklessly!
You are too injured to fight recklessly!
You are too injured to fight recklessly!
You are too injured to fight recklessly!
You are too injured to fight recklessly!
You are too injured to fight recklessly!
You hit the bombardier beetle.
The bombardier beetle is severely wounded.
The liquid fire burns you!
* * * LOW HITPOINT WARNING * * *
You slash the bombardier beetle!
You kill the bombardier beetle!
The liquid fire burns you!
* * * LOW HITPOINT WARNING * * *
You shake off some of the fire as you move.
The liquid fire burns you!
You die...

###.#..#####.###.##
# #........#.##...#
#........#.###.##
###.######.# #.#
#.# #.###.## #.#
#..##..# #.#
##...#.## #.#
###....# #.# ##@..#
#.# #.......#
#####.# #.......#
......# #..).......
####### ###...#####
#...# #####


There were no monsters in sight!

Vanquished Creatures
  A bombardier beetle (D:3)
  A gnoll (D:1)
  2 adders (D:2)
  A dart slug (D:1)
  A ribbon worm (D:2)
  3 bats
  4 endoplasms
  4 giant cockroaches
  3 goblins
  4 hobgoblins (D:2)
  4 kobolds (D:1)
  A quokka (D:1)
  2 ball pythons
  4 rats
35 creatures vanquished.

Notes
Turn   | Place    | Note
-------+----------+-------------------------------------------
     0 | D:1      | Nvm9 the Demonspawn Fighter began the quest for the Orb.
     0 | D:1      | Reached XP level 1. HP: 18/18 MP: 1/1
   123 | D:1      | Gained mutation: You are partially covered in razor-sharp
                  | scales. (AC +1, Slay +1) [demonic ancestry]
   123 | D:1      | Reached XP level 2. HP: 22/24 MP: 2/2
   864 | D:2      | Reached XP level 3. HP: 29/29 MP: 3/3
  1526 | D:3      | Gained mutation: You have a small tail. [demonic ancestry]
  1526 | D:3      | Reached XP level 4. HP: 35/35 MP: 4/4
  1601 | D:3      | Incinerated by a bombardier beetle

Illustrated notes

Levels and vault maps discovered:
D:1:      saegor_arrival_fortress, layout_basic, hangedman_feature_mirror,
          chequers_serial_rivers_small_b, minmay_misc_feat_columns,
          corexii_hall_statues_t
D:2:      layout_loops_ring, kennysheep_another_room
D:3:      layout_loops_corners, lightli_temple_of_fire,
          nemelex_spade_bored_becter, nicolae_overflow_hidden_temple,
          gup_sewer_entry_bowl, grunt_decor_fettered, moated_statue,
          grunt_ministairs_15, minmay_misc_feat_secret_circle,
          grunt_decor_clamped, uniq_robin

Skill      XL: |  1  2 |
---------------+-------+-----
Axes           | 2 |  2.6
Armour         | 3 |  3.3
Shields        | 3 |  3.3
Fighting       | |  3.7

Action                     |  1- 3 |  4- 6 || total
---------------------------+-------+-------++-------
  Melee: War axe           |    66 |    11 ||    77
         Tailslap          |       |     2 ||     2
 Armour: Scale mail        |    36 |     4 ||    40
  Dodge: Dodged            |    32 |     3 ||    35
  Block: Buckler           |    18 |     1 ||    19

Table legend: (Time is in decaauts)
 A = Elapsed time spent in this place.
 B = Non-inter-level travel time spent in this place.
 C = Inter-level travel time spent in this place.
 D = Time resting spent in this place.
 E = Time spent auto-exploring this place.
 F = Levels seen in this place.
 G = Mean time per level.
                   A        B        C        D        E       F      G
               +--------+--------+--------+--------+--------+-----+--------+
         Total |   1636 |   1594 |     42 |      0 |   1351 |   3 |  545.3 |
       Dungeon |   1636 |   1594 |     42 |      0 |   1351 |   3 |  545.3 |
               +--------+--------+--------+--------+--------+-----+--------+

Top non-repeatable levels by time:
     D:1: 877 daAuts
     D:2: 651 daAuts
     D:3: 107 daAuts
